BSA
SEATTLE PIKES @ NASSAU ROCKETS
09/21/2027
 
TOP OF THE 1ST
Seattle Pikes batting - Pitching for Nassau Rockets : LHP Dave Miller
Pitching: LHP Dave Miller
Batting: RHB Wallace Greene 0-0: Ball
1-0: Called Strike
1-1: Ground out 5-3 (Groundball, 56S)
Batting: RHB Roberto Zamora 0-0: Ball
1-0: Swinging Strike
1-1: Ball
2-1: SINGLE (Line Drive, 5S)
Batting: RHB Bill Mark 0-0: Called Strike
0-1: Called Strike
0-2: Fly out, F9 (Flyball, 9)
Batting: LHB Richard Hunter 0-0: Called Strike
0-1: Ball
1-1: Ball
2-1: Foul Ball, location: 2F
2-2: Foul Ball, location: 2F
2-2: Fly out, F6 (Popup, 6D)
Top of the 1st over - 0 run(s), 1 hit(s), 0 error(s), 1 left on base; Seattle 0 - Nassau 0
BOTTOM OF THE 1ST
Nassau Rockets batting - Pitching for Seattle Pikes : LHP Mike Graves
Pitching: LHP Mike Graves
Batting: SHB Edgardo Osorio 0-0: Ball
1-0: Foul Ball, location: 2F
1-1: SINGLE (Line Drive, 8LM)
Batting: RHB Junior Vargas 0-0: Ball
1-0: Ball
2-0: Called Strike
Edgardo Osorio is caught stealing 2nd base
2-1: Ball
3-1: Foul Ball, location: 2F
3-2: Ground out 6-3 (Groundball, 6)
Batting: SHB Howard Parker 0-0: Ball
1-0: Ball
2-0: Called Strike
2-1: Foul Ball, location: 2F
2-2: Fly out, F9 (Line Drive, 9)
Bottom of the 1st over - 0 run(s), 1 hit(s), 0 error(s), 0 left on base; Seattle 0 - Nassau 0
TOP OF THE 2ND
Seattle Pikes batting - Pitching for Nassau Rockets : LHP Dave Miller
Batting: RHB Iván Gonzáles 0-0: Ball
1-0: Called Strike
1-1: SINGLE (Groundball, 56D)
Batting: RHB António Ortega 0-0: Called Strike
0-1: Ball
1-1: Called Strike
1-2: 2-RUN HOME RUN (Flyball, 7D), Distance : 352 ft
Batting: RHB Manuel Rico 0-0: Ball
1-0: Foul Ball, location: 2F
1-1: Ground out 5-3 (Groundball, 56)
Batting: RHB Arnold Harmon 0-0: DOUBLE (Line Drive, 89XD)
Batting: RHB Eugene Gill 0-0: Called Strike
0-1: Ball
1-1: Swinging Strike
1-2: SINGLE (Groundball, 4MD)
Arnold Harmon to third
Runner from 3rd tries for Home, SAFE, no throw
Batting: RHB Wallace Greene 0-0: 2-RUN HOME RUN (Flyball, 78XD), Distance : 378 ft
Batting: RHB Roberto Zamora 0-0: Foul Ball, location: 2F
0-1: Ball
1-1: Fly out, F7 (Flyball, 7LS)
Batting: RHB Bill Mark 0-0: Ball
1-0: Ground out 4-3 (Groundball, 4)
Top of the 2nd over - 5 run(s), 5 hit(s), 0 error(s), 0 left on base; Seattle 5 - Nassau 0
BOTTOM OF THE 2ND
Nassau Rockets batting - Pitching for Seattle Pikes : LHP Mike Graves
Batting: LHB Doug Thompson 0-0: Swinging Strike
0-1: DOUBLE (Line Drive, 8LXD)
Batting: LHB Andrew Alvarado 0-0: Called Strike
0-1: Swinging Strike
0-2: Fly out, F9 (Flyball, 9D)
Runner from 2nd tags up, SAFE at 3rd, no throw
Batting: RHB Pete Harvey 0-0: Ball
1-0: Foul Ball, location: 2F
1-1: Ball
2-1: Foul Ball, location: 2F
2-2: Ball
3-2: Strikes out swinging
Batting: RHB Jack Bailey 0-0: Ball
1-0: Called Strike
1-1: Foul Ball, location: 2F
1-2: Ground out 4-3 (Groundball, 4)
Bottom of the 2nd over - 0 run(s), 1 hit(s), 0 error(s), 1 left on base; Seattle 5 - Nassau 0
TOP OF THE 3RD
Seattle Pikes batting - Pitching for Nassau Rockets : LHP Dave Miller
Batting: LHB Richard Hunter 0-0: Ball
1-0: Called Strike
1-1: Fly out, F6 (Line Drive, 6)
Batting: RHB Iván Gonzáles 0-0: Swinging Strike
0-1: Ball
1-1: Ball
2-1: Foul Ball, location: 2F
2-2: Ball
3-2: Fly out, F7 (Line Drive, 7)
Batting: RHB António Ortega 0-0: Called Strike
0-1: Ball
1-1: Called Strike
1-2: Strikes out looking
Top of the 3rd over - 0 run(s), 0 hit(s), 0 error(s), 0 left on base; Seattle 5 - Nassau 0
BOTTOM OF THE 3RD
Nassau Rockets batting - Pitching for Seattle Pikes : LHP Mike Graves
Batting: RHB Salvador Borbón 0-0: Ball
1-0: Called Strike
1-1: Swinging Strike
1-2: Ball
2-2: Foul Ball, location: 2F
2-2: Ball
3-2: Foul Ball, location: 2F
3-2: Strikes out swinging, 2-3 out at first.
Batting: RHB Rubén Matos 0-0: Called Strike
0-1: Foul Ball, location: 2F
0-2: Ball
1-2: Foul Ball, location: 2F
1-2: Foul Ball, location: 2F
1-2: Foul Ball, location: 2F
1-2: SINGLE (Groundball, 34D)
Batting: SHB Edgardo Osorio 0-0: Called Strike
0-1: Fly out, F9 (Flyball, 9LS)
Batting: RHB Junior Vargas 0-0: Ball
1-0: Foul Ball, location: 2F
1-1: Swinging Strike
1-2: Fly out, F9 (Flyball, 9S)
Bottom of the 3rd over - 0 run(s), 1 hit(s), 0 error(s), 1 left on base; Seattle 5 - Nassau 0
TOP OF THE 4TH
Seattle Pikes batting - Pitching for Nassau Rockets : LHP Dave Miller
Batting: RHB Manuel Rico 0-0: Ball
1-0: Foul Ball, location: 2F
1-1: Fly out, F8 (Flyball, 8LD)
Batting: RHB Arnold Harmon 0-0: Ground out 5-3 (Groundball, 56)
Batting: RHB Eugene Gill 0-0: Called Strike
0-1: Fly out, F9 (Flyball, 9)
Top of the 4th over - 0 run(s), 0 hit(s), 0 error(s), 0 left on base; Seattle 5 - Nassau 0
BOTTOM OF THE 4TH
Nassau Rockets batting - Pitching for Seattle Pikes : LHP Mike Graves
Batting: SHB Howard Parker 0-0: SINGLE (Groundball, 34) (infield hit)
Batting: LHB Doug Thompson 0-0: Swinging Strike
0-1: Foul Ball, location: 2F
0-2: Ball
1-2: Ball
2-2: Fly out, F7 (Flyball, 7S)
Batting: LHB Andrew Alvarado 0-0: SINGLE (Flyball, 78S)
Howard Parker to second
Batting: RHB Pete Harvey 0-0: Grounds into double play, 6-4-3 (Groundball, 6)
Bottom of the 4th over - 0 run(s), 2 hit(s), 0 error(s), 1 left on base; Seattle 5 - Nassau 0
TOP OF THE 5TH
Seattle Pikes batting - Pitching for Nassau Rockets : LHP Dave Miller
Batting: RHB Wallace Greene 0-0: Fly out, F2 (Popup, 3S)
Batting: RHB Roberto Zamora 0-0: Swinging Strike
0-1: Ball
1-1: Foul Ball, location: 2F
1-2: Ball
2-2: Ground out 6-3 (Groundball, 6S)
Batting: RHB Bill Mark 0-0: Ball
1-0: Called Strike
1-1: Ground out 5-3 (Groundball, 56)
Top of the 5th over - 0 run(s), 0 hit(s), 0 error(s), 0 left on base; Seattle 5 - Nassau 0
BOTTOM OF THE 5TH
Nassau Rockets batting - Pitching for Seattle Pikes : LHP Mike Graves
Batting: RHB Jack Bailey 0-0: Foul Ball, location: 2F
0-1: Ground out 6-3 (Groundball, 6)
Batting: RHB Salvador Borbón 0-0: Ball
1-0: Fly out, F7 (Flyball, 7)
Batting: RHB Rubén Matos 0-0: Reached on error, E5 (Groundball, 56)
Batting: SHB Edgardo Osorio 0-0: Ball
1-0: SINGLE (Groundball, 34D)
Rubén Matos to second
Runner from 2nd tries for 3rd, SAFE, throw made to third
Batting: RHB Junior Vargas 0-0: Swinging Strike
0-1: Foul Ball, location: 2F
0-2: Ball
1-2: Ball
2-2: Ball
3-2: Strikes out swinging
Bottom of the 5th over - 0 run(s), 1 hit(s), 1 error(s), 2 left on base; Seattle 5 - Nassau 0
TOP OF THE 6TH
Seattle Pikes batting - Pitching for Nassau Rockets : LHP Dave Miller
Batting: LHB Richard Hunter 0-0: Ball
1-0: Called Strike
1-1: Ball
2-1: Foul Ball, location: 2F
2-2: Strikes out swinging, 2-3 out at first.
Batting: RHB Iván Gonzáles 0-0: Called Strike
0-1: Ball
1-1: Called Strike
1-2: Strikes out swinging
Batting: RHB António Ortega 0-0: Fly out, F8 (Flyball, 8RXD)
Top of the 6th over - 0 run(s), 0 hit(s), 0 error(s), 0 left on base; Seattle 5 - Nassau 0
BOTTOM OF THE 6TH
Nassau Rockets batting - Pitching for Seattle Pikes : LHP Mike Graves
Batting: SHB Howard Parker 0-0: Fly out, F9 (Line Drive, 89M)
Batting: LHB Doug Thompson 0-0: Ball
1-0: Ball
2-0: Foul Ball, location: 2F
2-1: Ball
3-1: Fly out, F8 (Flyball, 8LM)
Batting: LHB Andrew Alvarado 0-0: Called Strike
0-1: Ball
1-1: SINGLE (Groundball, 34) (infield hit)
Batting: RHB Pete Harvey 0-0: Called Strike
0-1: SINGLE (Groundball, 56D)
Andrew Alvarado to second
Batting: RHB Jack Bailey 0-0: Called Strike
0-1: Swinging Strike
0-2: Fielders Choice at 2nd, 4-6 (Groundball, 4)
Bottom of the 6th over - 0 run(s), 2 hit(s), 0 error(s), 1 left on base; Seattle 5 - Nassau 0
TOP OF THE 7TH
Seattle Pikes batting - Pitching for Nassau Rockets : LHP Dave Miller
Batting: RHB Manuel Rico 0-0: Foul Ball, location: 2F
0-1: Ball
1-1: Called Strike
1-2: Strikes out swinging
Batting: RHB Arnold Harmon 0-0: Swinging Strike
0-1: Fly out, F9 (Flyball, 9S)
Batting: RHB Eugene Gill 0-0: Called Strike
0-1: Foul Ball, location: 2F
0-2: Ball
1-2: Strikes out looking
Top of the 7th over - 0 run(s), 0 hit(s), 0 error(s), 0 left on base; Seattle 5 - Nassau 0
BOTTOM OF THE 7TH
Nassau Rockets batting - Pitching for Seattle Pikes : LHP Mike Graves
Batting: RHB Salvador Borbón 0-0: Ground out 3-1 (Groundball, 34)
Batting: RHB Rubén Matos 0-0: Ball
1-0: Ball
2-0: Ground out 6-3 (Groundball, 6)
Batting: SHB Edgardo Osorio 0-0: Called Strike
0-1: SINGLE (Flyball, 6MD)
Batting: RHB Junior Vargas 0-0: Called Strike
Pickoff Throw to First - Error! E1
Edgardo Osorio to second
0-1: Ball
Wild Pitch!
Edgardo Osorio to third
1-1: Swinging Strike
1-2: Ground out 4-3 (Groundball, 4M)
Bottom of the 7th over - 0 run(s), 1 hit(s), 1 error(s), 1 left on base; Seattle 5 - Nassau 0
TOP OF THE 8TH
Seattle Pikes batting - Pitching for Nassau Rockets : LHP Dave Miller
Pitching: RHP Valentín Luna
Batting: RHB Wallace Greene 0-0: Fly out, F9 (Flyball, 89S)
Batting: RHB Roberto Zamora 0-0: Swinging Strike
0-1: Foul Ball, location: 2F
0-2: Foul Ball, location: 2F
0-2: Ball
1-2: Reached on error, E6 (Groundball, 56)
Batting: RHB Bill Mark 0-0: Ball
1-0: Ball
2-0: Ball
3-0: Base on Balls
Roberto Zamora to second
Batting: LHB Richard Hunter 0-0: Grounds into double play, 6-4-3 (Groundball, 6)
Top of the 8th over - 0 run(s), 0 hit(s), 1 error(s), 1 left on base; Seattle 5 - Nassau 0
BOTTOM OF THE 8TH
Nassau Rockets batting - Pitching for Seattle Pikes : LHP Mike Graves
Now at C: Tae-kwon Kwon
Batting: SHB Howard Parker 0-0: Ball
1-0: Foul Ball, location: 2F
1-1: Foul Ball, location: 2F
1-2: Foul Ball, location: 2F
1-2: Ball
2-2: Ball
3-2: Base on Balls
Pitching: RHP Orlando Ojeda
Batting: LHB Doug Thompson 0-0: Ball
1-0: Foul Ball, location: 2F
1-1: Called Strike
1-2: Strikes out swinging
Batting: LHB Andrew Alvarado 0-0: Ball
1-0: Ball
2-0: Called Strike
2-1: Foul Ball, location: 2F
2-2: Grounds into double play, 6-4-3 (Groundball, 6)
Bottom of the 8th over - 0 run(s), 0 hit(s), 0 error(s), 0 left on base; Seattle 5 - Nassau 0
TOP OF THE 9TH
Seattle Pikes batting - Pitching for Nassau Rockets : RHP Valentín Luna
Batting: RHB Iván Gonzáles 0-0: Swinging Strike
0-1: Ground out 4-3 (Groundball, 4)
Batting: RHB António Ortega 0-0: Ball
1-0: Ball
2-0: Called Strike
2-1: Fly out, F9 (Flyball, 9S)
Batting: RHB Manuel Rico 0-0: Called Strike
0-1: Called Strike
0-2: Ball
1-2: Ball
2-2: Ball
3-2: SINGLE (Groundball, 6D)
Batting: RHB Arnold Harmon 0-0: Fly out, F4 (Popup, 4D)
Top of the 9th over - 0 run(s), 1 hit(s), 0 error(s), 1 left on base; Seattle 5 - Nassau 0
BOTTOM OF THE 9TH
Nassau Rockets batting - Pitching for Seattle Pikes : RHP Orlando Ojeda
Pitching: LHP Cristián Escobar
Now in LF: Jesús Núńez
Batting: RHB Pete Harvey 0-0: Ball
1-0: Ball
2-0: Swinging Strike
2-1: Foul Ball, location: 2F
2-2: Strikes out swinging
Batting: RHB Jack Bailey 0-0: Foul Ball, location: 2F
0-1: Ball
1-1: Ball
2-1: Called Strike
2-2: Fly out, F9 (Flyball, 9LM)
Batting: RHB Salvador Borbón 0-0: Ball
1-0: Called Strike
1-1: DOUBLE (Line Drive, 8LD)
Batting: RHB Rubén Matos 0-0: Called Strike
0-1: Foul Ball, location: 2F
0-2: Foul Ball, location: 2F
0-2: Ground out 4-3 (Groundball, 4)
Bottom of the 9th over - 0 run(s), 1 hit(s), 0 error(s), 1 left on base; Seattle 5 - Nassau 0
Thursday, March 30th, 2017 - OOTP Baseball 17.12 Build 75